 Dungeon Crawl Stone Soup version 0.30-a0-49-g1cef19eb02 (webtiles) character file.

Game seed: 14319646229351229172

667 LnG the Chopper (level 7, 0/61 HPs)
             Began as a Hill Orc Fighter on Sept 2, 2022.
             Slain by a bullfrog (4 damage)
             ... in a sewer.
             The game lasted 00:10:00 (3716 turns).

LnG the Chopper (Hill Orc Fighter)                  Turns: 3716, Time: 00:10:02

Health: 0/61       AC:  7    Str: 21    XL:     7   Next: 57%
Magic:  7/7        EV:  9    Int:  8    God:
Gold:   163        SH:  4    Dex: 10    Spells: 6/6 levels left

rFire   . . .      SeeInvis .    a - +0 war axe
rCold   . . .      Faith    .    c - +0 buckler
rNeg    . . .      Spirit   .    b - +0 scale mail
rPois   .          Reflect  .    (no helmet)
rElec   .          Harm     .    (no cloak)
rCorr   .          Rampage  .    (no gloves)
Will    .....                    (no boots)
Stlth   ..........               (no amulet)
HPRegen 0.20/turn                (no ring)
MPRegen 0.10/turn                (no ring)

@: no status effects
A: no striking features
a: no special abilities


You were in a sewer.
You visited 1 branch of the dungeon, and saw 4 of its levels.
You also visited: Sewer.

You collected 163 gold pieces.

Inventory:

Hand Weapons
 a - a +0 war axe (weapon)
Armour
 b - a +0 scale mail (worn)
 c - a +0 buckler (worn)
 o - a +1 helmet
Scrolls
 f - a scroll of blinking
 g - 2 scrolls of poison
 j - a scroll of enchant weapon {unknown}
 l - a scroll of noise {unknown}
 n - a scroll of magic mapping {unknown}
Potions
 e - a potion of attraction
 h - a potion of flight
 i - a potion of cancellation
 k - 2 potions of curing {unknown}
 m - a potion of brilliance {unknown}
 p - a potion of might


   Skills:
 + Level 5.3 Fighting
 + Level 7.2 Axes
 + Level 5.4 Armour
 + Level 1.0 Dodging
 + Level 0.1 Stealth
 + Level 4.5 Shields


You had 6 spell levels left.
You didn't know any spells.
Your spell library contained the following spells:

 Spells                   Type           Power      Damage    Failure   Level
 Beastly Appendage        Tmut           0%         N/A       82%         1
 Wereblood                Tmut           0%         N/A       91%         2
 Conjure Flame            Conj/Fire      0%         6-21      99%         3
 Ignite Poison            Fire/Tmut/Pois 0%         N/A       99%         3
 Spider Form              Tmut/Pois      0%         N/A       99%         3
 Sticky Flame             Conj/Fire      0%         2d3       100%        4


Dungeon Overview and Level Annotations

Branches:
Dungeon (4/15)              Sewer (1/1)
 Temple: D:4-7

Altars:

Shops:
D:2 (:

Annotations:
D:3 1 runed translucent door, Crazy Yiuf


Message History

You block the bullfrog's attack.
Your unstable footing causes you to fumble your attack.
The bullfrog barely misses you. You block the bullfrog's attack.
Your unstable footing causes you to fumble your attack.
The bullfrog hits you. The bullfrog completely misses you.
Your unstable footing causes you to fumble your attack.
The bullfrog barely misses you. The bullfrog hits you.
Your unstable footing causes you to fumble your attack.
The bullfrog hits you.
* * * LOW HITPOINT WARNING * * *
You closely miss the bullfrog. You block the bullfrog's attack.
The bullfrog barely misses you.
Your unstable footing causes you to fumble your attack.
The bullfrog hits you.
* * * LOW HITPOINT WARNING * * *
The bullfrog hits you but does no damage.
The bullfrog attacks as you move away! The bullfrog barely misses you.
The bullfrog hits you but does no damage. x2
You closely miss the bullfrog. The bullfrog hits you.
* * * LOW HITPOINT WARNING * * *
You closely miss the bullfrog. You block the bullfrog's attack.
The bullfrog hits you but does no damage.
You closely miss the bullfrog. The bullfrog barely misses you.
The bullfrog hits you.
* * * LOW HITPOINT WARNING * * *
You slash the bullfrog!
The bullfrog is severely wounded.
The bullfrog hits you but does no damage.
You block the bullfrog's attack.
You barely miss the bullfrog.
The bullfrog is severely wounded.
The bullfrog completely misses you. The bullfrog hits you!
* * * LOW HITPOINT WARNING * * *
You hit the bullfrog.
The bullfrog is severely wounded.
The bullfrog hits you but does no damage.
You completely miss the bullfrog.
The bullfrog is severely wounded.
The bullfrog hits you.
You die...

#.~#.~.#~~##≈≈~≈≈##~.#~†~#
#~~#~###~.#≈≈~~~≈≈#~~##~~#
#~~#~#~~~##≈~~~~≈≈##†~#~~#
#.~#~#∩.~#≈~.~~~.≈≈#~~#~.#
#~.#~#~~†#≈~~~~.~≈≈#~~#~~#
#~.#~##~~#~~.~.(~~≈#~~#.~#
#~~#~~#~~#~~~~?$.~≈#~~#~~#
#.~#~~#~.#.~F$??.~≈#~~#..#
#.~~~.#..##~@†?.~≈##~.#~~#
#~.~~~#.~.†.~~..~≈#.~##.~#
#~~~~~###~~~~~~~≈##~~#~~~#
#######.###~..~≈##~~~#.~##
#~~.~~#######..~##~~#
#~~.~~†.†.~~~.~~#~~~#
##~~##~.†...~~~##~.##
##~~##~....~~##~~~#
#~~~###~~~###.~~~#


You could see a bullfrog.

Vanquished Creatures
  Grinder (D:3)
  Sigmund (D:2)
  A bullfrog (Sewer)
  An orc priest (D:4)
  An orc wizard (D:4)
  Robin (D:3)
  10 adders
  2 dart slugs
  An orc (D:4)
  12 endoplasms
  14 giant cockroaches
  10 goblins
  9 hobgoblins
  4 jackals (D:1)
  7 quokkas
  5 ball pythons
  5 bats
  11 frilled lizards
  3 kobolds
  2 rats
101 creatures vanquished.

Notes
Turn   | Place    | Note
-------+----------+-------------------------------------------
     0 | D:1      | LnG the Hill Orc Fighter began the quest for the Orb.
     0 | D:1      | Reached XP level 1. HP: 19/19 MP: 1/1
   159 | D:1      | Reached XP level 2. HP: 26/27 MP: 2/2
   489 | D:1      | Reached skill level 3 in Axes
   837 | D:2      | Noticed Sigmund
   844 | D:2      | Killed Sigmund
   845 | D:2      | Reached skill level 4 in Axes
   845 | D:2      | Reached XP level 3. HP: 34/34 MP: 3/3
   845 | D:2      | Reached XP level 4. HP: 41/41 MP: 4/4
   845 | D:2      | Reached XP level 5. HP: 47/47 MP: 5/5
  1026 | D:2      | Found Juokoyc's Book Boutique.
  1200 | D:2      | Found Unecwer's Weapon Boutique.
  1602 | D:3      | Noticed Grinder
  1604 | D:3      | Reached skill level 5 in Axes
  1605 | D:3      | Paralysed by Grinder for 4 turns
  1827 | D:3      | Paralysed by Grinder for 3 turns
  1832 | D:3      | Killed Grinder
  1833 | D:3      | Reached skill level 6 in Axes
  1833 | D:3      | Reached skill level 5 in Armour
  1833 | D:3      | Reached XP level 6. HP: 28/55 MP: 6/6
  2013 | D:3      | Noticed Robin
  2022 | D:3      | Killed Robin
  2292 | D:3      | Reached XP level 7. HP: 59/60 MP: 7/7
  2362 | D:3      | Reached skill level 5 in Fighting
  2375 | D:3      | Found a faded altar of an unknown god.
  2634 | D:3      | Found a runed translucent door.
  2635 | D:3      | Noticed Crazy Yiuf
  3154 | D:4      | Found a glowing drain.
  3204 | Sewer    | Entered a sewer
  3442 | Sewer    | Reached skill level 1 in Dodging
  3682 | Sewer    | Reached skill level 7 in Axes
  3714 | Sewer    | HP: 3/61 [bullfrog (7)]
  3716 | Sewer    | Slain by a bullfrog

Illustrated notes

Levels and vault maps discovered:
D:1:      minmay_arrival_three_doors, layout_loops_ring
D:2:      layout_loops_corners, serial_shops, shop, shop, uniq_sigmund
D:3:      layout_basic, shapermc_ecumenical_altar_pompeii, minmay_misc_feat_iff,
          uniq_crazy_yiuf_cottage, uniq_grinder, uniq_robin
D:4:      layout_basic, grunt_temple_overflow_open,
          mainiacjoe_overflow_tiny_flanked, minmay_temple_entry_statues_pillars,
          gup_sewer_entry_glass, uniq_menkaure
Sewer:    sewer_frog_island_02

Skill      XL: |  1  2  3  4  5  6  7 |
---------------+----------------------+-----
Fighting       | 4 5 |  5.3
Axes           | 4 6 7 |  7.2
Armour         | 4 5 |  5.4
Shields        | 4 |  4.5
Dodging        | 1 |  1.0
Stealth        | |  0.1

Action                   |  1- 3 |  4- 6 |  7- 9 || total
-------------------------+-------+-------+-------++-------
Melee: War axe           |    44 |    70 |   175 ||   289
  Use: Scroll            |     2 |     1 |     3 ||     6
       Potion            |     1 |       |       ||     1
Armor: Scale mail        |    18 |    24 |   104 ||   146
Dodge: Dodged            |    22 |    22 |   104 ||   148
Block: Buckler           |    13 |    10 |    39 ||    62

Table legend: (Time is in decaauts)
 A = Elapsed time spent in this place.
 B = Non-inter-level travel time spent in this place.
 C = Inter-level travel time spent in this place.
 D = Time resting spent in this place.
 E = Time spent auto-exploring this place.
 F = Levels seen in this place.
 G = Mean time per level.
                   A        B        C        D        E       F      G
               +--------+--------+--------+--------+--------+-----+--------+
         Total |   3867 |   3771 |     96 |    698 |   1762 |   5 |  773.4 |
       Dungeon |   3252 |   3156 |     96 |    483 |   1762 |   4 |  813.0 |
         Sewer |    614 |    614 |      0 |    215 |      0 |   1 |  614.0 |
               +--------+--------+--------+--------+--------+-----+--------+

Top non-repeatable levels by time:
     D:2: 1135 daAuts
     D:3: 908 daAuts
     D:1: 826 daAuts
   Sewer: 614 daAuts
     D:4: 382 daAuts
